 Dungeon Crawl Stone Soup version 0.19.5 (webtiles) character file.

668 JeffiDaFish the Cudgeler (level 7, -4/44 HPs)
             Began as a Gargoyle Fighter on Apr 25, 2017.
             Killed from afar by Dowan (15 damage)
             ... with a shard of ice
             ... on level 4 of the Dungeon.
             The game lasted 00:06:40 (2972 turns).

JeffiDaFish the Cudgeler (Gargoyle Fighter)         Turns: 2972, Time: 00:06:42

Health: -4/44      AC: 19    Str: 18    XL:     7   Next: 58%
Magic:  7/7        EV:  8    Int:  8    God:
Gold:   130        SH: 11    Dex: 13    Spells: 0 memorised, 6 levels left

rFire  . . .     SeeInvis .     h - +0 flail (protect)
rCold  + . .     Gourm    .     b - +0 scale mail
rNeg   + . .     Faith    .     c - +1 shield
rPois  ∞         Spirit   .     (no helmet)
rElec  +         Reflect  .     (no cloak)
rCorr  .         Harm     .     (no gloves)
MR     .....                    (no boots)
Stlth  ..........               (no amulet)
                                (no ring)
                                l - ring of protection from cold

@: protection aura
A: agile 1, blink, negative energy resistance 1, electricity resistance, weak 1,
unbreathing, petrification resistance, rot immunity, AC +4
a: Blink


You were on level 4 of the Dungeon.
You were not hungry.

You visited 1 branch of the dungeon, and saw 4 of its levels.

You collected 130 gold pieces.

Inventory:

Hand Weapons
 h - a +0 flail of protection (weapon)
Armour
 b - a +0 scale mail (worn)
 c - a +1 shield (worn)
Jewellery
 l - a ring of protection from cold (left hand)
Scrolls
 e - a scroll of enchant armour
 k - a scroll of remove curse
 m - a scroll of identify
Comestibles
 d - a meat ration
 f - 2 bread rations
 i - a slice of pizza
 j - 5 fruits


   Skills:
 + Level 4.5 Fighting
 + Level 5.3 Maces & Flails
 + Level 4.9 Armour
 + Level 1.9 Dodging
 + Level 0.2 Stealth
 + Level 5.0 Shields


You had 6 spell levels left.
You didn't know any spells.

Dungeon Overview and Level Annotations

Branches:
Dungeon (4/15)
 Temple: D:4-7

Altars:
Zin

Shops:
D:4 :

Annotations:
D:3 1 runed door
D:4 Dowan


Innate Abilities, Weirdness & Mutations

You are resistant to torment.
Your stone body is resilient. (AC +4)
You are immune to poison.
You resist negative energy. (rN+)
You are resistant to electric shocks. (rElec)
You can survive without breathing.
You are immune to petrification.
You are immune to rotting.
You are agile. (Dex +2)
You can translocate small distances at will.
You are weak. (Str -2)


Message History

Dowan says, "Her death will not be in vain!"
You block Dowan's attack. Dowan hits you but does no damage.
You barely miss Dowan.
Dowan is heavily wounded.
Dowan hits you with a dagger. You block Dowan's attack.
You hit Dowan.
Your weapon exudes an aura of protection.
Dowan is severely wounded.
Dowan says, "Her death will not be in vain!"
Dowan hits you but does no damage. x2
You hit Dowan.
Dowan is almost dead.
You block Dowan's attack.
You barely miss Dowan.
Dowan is almost dead.
Dowan hits you with a dagger.
* * * LOW HITPOINT WARNING * * *
Dowan casts a spell at you. The shard of ice hits you! You partially resist.
You die...

#############
#...@e.)....#
#.#########.# .# #.#
#.# .# #####.#
#######.######.#
......
.............#.# ....#
#######.####.#.# #..#
#.∩.......(..#
#..#####..##.####...##
#............# #(..>.


You could see Dowan.

Vanquished Creatures
  Sigmund (D:3)
  Duvessa (D:4)
  The ghost of Gakhan the Skirmisher, an amateur GrFi (D:3)
  An orc priest (D:3)
  A bullfrog skeleton (D:4)
  2 orc wizards (D:3)
  Ijyb (D:3)
  2 adders
  7 gnolls (D:3)
  An ooze (D:3)
  A worm (D:2)
  4 dart slugs
  3 leopard geckos
  19 orcs
  2 ball pythons
  2 giant cockroaches (D:1)
  4 goblins
  8 hobgoblins
  4 jackals
  8 kobolds
  A quokka (D:3)
  4 bats
  4 frilled lizards
  9 rats
91 creatures vanquished.

Notes
Turn   | Place    | Note
-------+----------+-------------------------------------------
     0 | D:1      | JeffiDaFish the Gargoyle Fighter began the quest for the Orb.
     0 | D:1      | Reached XP level 1. HP: 14/14 MP: 1/1
   212 | D:1      | Reached XP level 2. HP: 19/19 MP: 2/2
   589 | D:1      | Reached XP level 3. HP: 24/24 MP: 3/3
  1146 | D:2      | You fall through a shaft for 2 floors!
  1163 | D:4      | Reached XP level 4. HP: 24/29 MP: 4/4
  1191 | D:4      | Found Neliqo's Book Boutique.
  1309 | D:3      | Reached XP level 5. HP: 6/33 MP: 5/5
  1461 | D:3      | Reached skill level 1 in Dodging
  1675 | D:3      | Noticed Sigmund
  1701 | D:3      | Killed Sigmund
  1701 | D:3      | Reached XP level 6. HP: 25/38 MP: 6/6
  1840 | D:3      | Noticed Gakhan's ghost (amateur GrFi)
  1859 | D:3      | Killed Gakhan's ghost
  1944 | D:3      | Reached XP level 7. HP: 34/43 MP: 7/7
  2142 | D:3      | Noticed Ijyb
  2143 | D:3      | Found a glowing silver altar of Zin.
  2143 | D:3      | Noticed an angel
  2144 | D:3      | Found a runed door.
  2158 | D:3      | Killed Ijyb
  2278 | D:3      | Reached skill level 5 in Maces & Flails
  2463 | D:3      | Gained mutation: You are weak. (Str -2) [potion of mutation]
  2463 | D:3      | Gained mutation: You can translocate small distances at will. [potion of mutation]
  2463 | D:3      | Gained mutation: You are agile. (Dex +2) [potion of mutation]
  2919 | D:4      | Noticed Duvessa
  2922 | D:4      | Noticed Dowan
  2946 | D:4      | Killed Duvessa
  2946 | D:4      | Reached skill level 5 in Shields
  2972 | D:4      | Killed from afar by Dowan

Skill      XL: |  1  2  3  4  5  6  7 |
---------------+----------------------+-----
Fighting       | 4 |  4.5
Shields        | 4 5 |  5.0
Maces & Flails | 3 4 5 |  5.3
Armour         | 4 |  4.9
Dodging        | 1 |  1.9
Stealth        | |  0.2

Action                   |  1- 3 |  4- 6 |  7- 9 || total
-------------------------+-------+-------+-------++-------
Melee: Flail             |   152 |   181 |   161 ||   494
  Use: Scroll            |     2 |     2 |       ||     4
       Potion            |     2 |     4 |     3 ||     9
  Eat: Chunk             |     1 |     3 |     4 ||     8
Armor: Scale mail        |    95 |    88 |    97 ||   280
Dodge: Dodged            |    60 |    52 |    35 ||   147
Block: Shield            |    97 |   108 |    77 ||   282
